 Dungeon Crawl Stone Soup version 0.29-a0-841-g116ddc6ace (webtiles) character file.

Game seed: 8016166088793315212

47 frimble the Magician (level 3, -4/25 HPs)
             Began as a Demonspawn Hedge Wizard on July 15, 2022.
             Killed by an exploding goblin (29 damage)
             ... ignited by their inner flame
             ... on level 2 of the Dungeon.
             The game lasted 00:02:07 (2114 turns).

frimble the Magician (Demonspawn Hedge Wizard)      Turns: 2114, Time: 00:02:08

Health: -4/25      AC:  8    Str: 10    XL:     3   Next: 48%
Magic:  7/7        EV: 12    Int: 17    God:
Gold:   81         SH:  0    Dex: 12    Spells: 5/8 levels left

rFire   . . .      SeeInvis .   a - +1 dagger
rCold   . . .      Faith    .   (no shield)
rNeg    . . .      Spirit   .   b - +0 robe
rPois   .          Reflect  .   c - +0 hat
rElec   .          Harm     .   (no cloak)
rCorr   .          Rampage  .   (no gloves)
Will    .....                   (no boots)
Stlth   ++........              (no amulet)
HPRegen 0.08/turn               i - +4 ring of protection
MPRegen 0.10/turn               (no ring)

@: weak-willed
A: claws 1, yellow scales 1
a: no special abilities


You were on level 2 of the Dungeon.
You visited 1 branch of the dungeon, and saw 3 of its levels.

You collected 81 gold pieces.

Inventory:

Hand Weapons
 a - a +1 dagger (weapon)
Armour
 b - a +0 robe (worn)
 c - a +0 hat (worn)
Jewellery
 i - a +4 ring of protection (left claw)
 k - a +4 ring of protection
 l - an amulet of guardian spirit
Scrolls
 h - a scroll of identify
 q - a scroll of noise {unknown}
Potions
 d - a potion of magic
 g - a potion of might


   Skills:
 + Level 0.7 Fighting
 - Level 1.5 Short Blades
 - Level 1.7 Dodging
 - Level 1.7 Stealth
 + Level 0.5 Unarmed Combat
 - Level 3.0 Spellcasting
 - Level 2.1 Conjurations
 - Level 1.0 Summonings
 + Level 1.2 Translocations


You had 5 spell levels left.
You knew the following spells:

 Your Spells              Type           Power      Damage    Failure   Level
a - Magic Dart            Conj           36%        1d4       8%          1
b - Blink                 Tloc           12%        N/A       16%         2

Your spell library contained the following spells:

 Spells                   Type           Power      Damage    Failure   Level
 Slow                     Hex            8%         N/A       17%         1
 Call Imp                 Summ           5%         N/A       17%         2
 Conjure Flame            Conj/Fire      6%         6-21      34%         3
 Mephitic Cloud           Conj/Pois/Air  4%         N/A       36%         3
 Confusing Touch          Hex            2%         N/A       45%         3
 Vampiric Draining        Necr           2%         2d6       45%         3


Dungeon Overview and Level Annotations

Branches:
Dungeon (3/15)

Altars:

Annotations:
D:2 1 runed translucent door, Crazy Yiuf


Innate Abilities, Weirdness & Mutations

You have sharp fingernails.
You are partially covered in yellow scales. (AC +2)


Message History

g - a potion of might The air fills with toxic fumes!
As you read the scroll labelled GALETZ VYIN, it crumbles to dust.
It was a scroll of poison.
Blink to where?
Press: ? - help, Dir - move target
There is a wall there.
Are you sure you want to cancel this blink?
Blink to where?
Press: ? - help, Dir - move target, f - you Are you sure you want to cancel this blink?
Blink to where?
Press: ? - help, Dir - move target, f - you Are you sure you want to cancel this blink?
Okay, then.
As you read the scroll labelled TURIFI MEDGHI, it crumbles to dust.
It was a scroll of blinking.
As you read the scroll labelled QEVOCS ILARR, it crumbles to dust.
Wisps of shadow whirl around you...
It was a scroll of summoning.
As you read the scroll labelled DUISCHE PUEDWIU, it crumbles to dust.
You assume a fearsome visage.
Nothing appears to happen.
It was a scroll of fear.
Your giant cockroach is engulfed in poison gas.
Your giant cockroach is poisoned.
You kill your giant cockroach!
Your giant cockroach's corpse dissolves into shadows!
Your ball python is engulfed in poison gas.
Your ball python is poisoned.
You kill your ball python!
Your ball python's corpse dissolves into shadows!
Your goblin is engulfed in poison gas.
Your goblin is poisoned.
As you read the scroll labelled GEOJES FOMMAOTI, it crumbles to dust.
The creatures around you are filled with an inner flame!
It was a scroll of immolation.
Your goblin's corpse dissolves into shadows!
Your goblin explodes!
The fiery explosion engulfs you!!
Ouch! That really hurt!
You die...

.........# #.....# #.####.....##
###.####.# #.###§# #............
.........# #.# #§# #.####.....##
.######'## #.# #§# #.# ##.#..# .#
##...###.# #§# #.# #.#..# .#
##.....##.###§## #.#####.#..#
.###.#...#.####§§§###§§§.##.#..##
.##.8.8.8.8.##§§§§§§§§§§....#....
.#...........#§§@§###....##.#.###
.+...........+§#§####.#.###.#.#
##.........[.###§§..........#.#
##.8.8.8.8.##.§§§§........<..#
##.#...#.##..################
##.....##..## ##...##..##
##'##..## #....##


There were no monsters in sight!

Vanquished Creatures
  An adder (D:2)
  A dart slug (D:1)
  4 bats
  2 endoplasms (D:1)
  2 goblins
  5 hobgoblins
  6 jackals
  2 quokkas
  2 ball pythons
  3 frilled lizards (D:1)
  6 rats
34 creatures vanquished.

Notes
Turn   | Place    | Note
-------+----------+-------------------------------------------
     0 | D:1      | frimble the Demonspawn Hedge Wizard began the quest for the
                  | Orb.
     0 | D:1      | Reached XP level 1. HP: 13/13 MP: 4/4
   249 | D:1      | Reached skill level 1 in Short Blades
   249 | D:1      | Gained mutation: You are partially covered in yellow
                  | scales. (AC +2) [demonic ancestry]
   249 | D:1      | Reached XP level 2. HP: 10/19 MP: 0/6
  1098 | D:2      | Learned a level 2 spell: Blink
  1174 | D:2      | Reached skill level 1 in Translocations
  1174 | D:2      | Gained mutation: You have sharp fingernails. [demonic
                  | ancestry]
  1174 | D:2      | Reached XP level 3. HP: 22/24 MP: 7/7
  1400 | D:2      | Found a runed translucent door.
  1401 | D:2      | Noticed Crazy Yiuf
  2114 | D:2      | Killed by an exploding goblin... ignited by their inner
                  | flame

Illustrated notes

Levels and vault maps discovered:
D:1:      dpeg_arrival_rhombi, layout_rooms
D:2:      layout_loops_ring, dk_noncrumbling_3, uniq_crazy_yiuf_cottage
D:3:      layout_basic, hellmonk_ecumenical_altar_dog_temple, serial_shops,
          shop, uniq_terence

Skill      XL: |  1  2 |
---------------+-------+-----
Short Blades   | 1 |  1.5
Conjurations   | 2 |  2.1
Translocations | 1 |  1.2
Fighting       | |  0.7
Dodging        | |  1.7
Stealth        | |  1.7
Unarmed Combat | |  0.5
Spellcasting   | |  3.0
Summonings     | |  1.0

Action                   || total
-------------------------++-------
Melee: Dagger            ||    96
       Punch             ||     1
 Cast: Magic Dart        ||    44
  Use: Scroll            ||     8
 Stab: Sleeping          ||     3
Armor: Robe              ||    40
Dodge: Dodged            ||    67

Table legend: (Time is in decaauts)
 A = Elapsed time spent in this place.
 B = Non-inter-level travel time spent in this place.
 C = Inter-level travel time spent in this place.
 D = Time resting spent in this place.
 E = Time spent auto-exploring this place.
 F = Levels seen in this place.
 G = Mean time per level.
                   A        B        C        D        E       F      G
               +--------+--------+--------+--------+--------+-----+--------+
         Total |   2107 |   2029 |     78 |      0 |   1765 |   3 |  702.3 |
       Dungeon |   2107 |   2029 |     78 |      0 |   1765 |   3 |  702.3 |
               +--------+--------+--------+--------+--------+-----+--------+

Top non-repeatable levels by time:
     D:1: 1092 daAuts
     D:2: 1013 daAuts
     D:3: 1 daAuts
